 Dungeon Crawl Stone Soup version 0.28.0-53-g5a82cb258f (webtiles) character file.

Game seed: 1003823341983036272

14 Peloso the Covered (level 2, 0/27 HPs)
             Began as a Minotaur Fighter on July 31, 2022.
             Succumbed to an adder's poison
             ... on level 2 of the Dungeon.
             The game lasted 00:01:04 (553 turns).

Peloso the Covered (Minotaur Fighter)                Turns: 553, Time: 00:01:05

Health: 0/27       AC:  7    Str: 20    XL:     2   Next: 31%
Magic:  1/1        EV:  9    Int:  5    God:
Gold:   23         SH:  4    Dex:  9    Spells: 1/1 levels left

rFire   . . .      SeeInvis .   a - +0 long sword
rCold   . . .      Faith    .   c - +0 buckler
rNeg    . . .      Spirit   .   b - +0 scale mail
rPois   .          Reflect  .   (helmet restricted)
rElec   .          Harm     .   (no cloak)
rCorr   .          Rampage  .   (no gloves)
Will    .....                   (no boots)
Stlth   ..........              (no amulet)
HPRegen 0.09/turn               (no ring)
MPRegen 0.07/turn               (no ring)

@: lethally poisoned (0 -> -4)
A: horns 2, retaliatory headbutt
a: no special abilities


You were on level 2 of the Dungeon.
You visited 1 branch of the dungeon, and saw 2 of its levels.

You collected 23 gold pieces.

Inventory:

Hand Weapons
 a - a +0 long sword (weapon)
Armour
 b - a +0 scale mail (worn)
 c - a +0 buckler (worn)
Scrolls
 f - a scroll of teleportation {unknown}
 h - a scroll of torment {unknown}
 j - a scroll of identify {unknown}
Potions
 d - a potion of might
 e - a potion of lignification {unknown}
 g - a potion of mutation {unknown}
 i - 2 potions of heal wounds {unknown}


   Skills:
 + Level 3.9 Fighting
 + Level 2.6 Long Blades
 + Level 4.0 Armour
 + Level 3.9 Shields


You had one spell level left.
You didn't know any spells.
Your spell library was empty.

Dungeon Overview and Level Annotations

Branches:
Dungeon (2/15)

Altars:

Shops:
D:1 [[


Innate Abilities, Weirdness & Mutations

You have a pair of horns on your head.
You reflexively headbutt those who attack you in melee.


Message History

Found a stone staircase leading up.
You barely miss the ball python. The ball python closely misses you.
You furiously retaliate!
You headbutt the ball python. The ball python closely misses you.
The ball python barely misses you. x2
You hit the ball python.
You kill the ball python!
An adder comes into view.
An adder is nearby!
An adder is nearby!
Found a book of Debilitation.
You miss the adder. The adder closely misses you. The adder bites you.
You barely miss the adder. Your headbutt misses the adder.
The adder closely misses you. The adder bites you.
You are poisoned.
The adder poisons you!
You closely miss the adder.
You feel sick. The adder bites you.
You barely miss the adder. Your headbutt misses the adder.
You feel sick. The adder bites you. The adder bites you but does no damage.
You hit the adder. Your headbutt misses the adder.
The adder is lightly wounded.
You feel sick. You block the adder's attack. x2
You hit the adder.
The adder is heavily wounded.
You feel sick.
You are no longer poisoned.
The adder bites you but does no damage. x2
You barely miss the adder.
The adder is heavily wounded.
The adder bites you.
* * * LOW HITPOINT WARNING * * *
You are poisoned.
The adder poisons you!
You hit the adder.
The adder is heavily wounded.
* * * LOW HITPOINT WARNING * * *
You feel sick. You block the adder's attack. The adder bites you.
* * * LOW HITPOINT WARNING * * *
You miss the adder.
The adder is heavily wounded.
You die...

...... .......
..... .......
....#......
##.<......#
###......#..###
.....>.......:#
#.....S...#
######.....@!#
..........(.##
#..........##
#........#
.#.<<.....#
#..........#
#...........#
#..........#....
............####.#


You could see an adder.

Vanquished Creatures
  A dart slug (D:1)
  A bat (D:1)
  A goblin (D:1)
  3 hobgoblins (D:1)
  3 ball pythons
  2 frilled lizards (D:1)
  A kobold (D:1)
  A rat (D:1)
13 creatures vanquished.

Notes
Turn   | Place    | Note
-------+----------+-------------------------------------------
     0 | D:1      | Peloso the Minotaur Fighter began the quest for the Orb.
     0 | D:1      | Reached XP level 1. HP: 19/19 MP: 0/0
   105 | D:1      | Found Bemua's Armour Shop.
   121 | D:1      | Found a faded altar of an unknown god.
   127 | D:1      | Reached XP level 2. HP: 22/27 MP: 1/1
   270 | D:1      | Found Nuov's Armour Shop.
   418 | D:1      | Reached skill level 4 in Armour
   553 | D:2      | Succumbed to an adder's poison

Illustrated notes

Levels and vault maps discovered:
D:1:      dpeg_arrival_simpleton_c, layout_rooms,
          chequers_ecumenical_altar_simple_redux, serial_shops,
          nicolae_square_shop, nicolae_shop_stone, grunt_decor_one_mirror
D:2:      layout_rooms, uniq_sigmund

Skill      XL: |  1  2 |
---------------+-------+-----
Armour         | 4 |  4.0
Fighting       | |  3.9
Long Blades    | |  2.6
Shields        | |  3.9

Action                   || total
-------------------------++-------
Melee: Long sword        ||    35
       Headbutt          ||     5
Armor: Scale mail        ||    11
Dodge: Dodged            ||    24
Block: Buckler           ||     8
